 Dungeon Crawl Stone Soup version 0.27-a0-1358-ga0a28fc8c3 (webtiles) character file.

Game seed: 4121320001262323684

520 Ijustatesigmund the Changer (level 7, -3/47 HPs)
             Began as an Octopode Transmuter on June 28, 2021.
             Slain by a gnoll (9 damage)
             ... on level 5 of the Dungeon.
             The game lasted 00:14:34 (6369 turns).

Ijustatesigmund the Changer (Octopode Transmuter)   Turns: 6369, Time: 00:14:35

Health: -3/47      AC:  1    Str: 15    XL:     7   Next: 21%
Magic:  7/10       EV: 14    Int: 16    God:
Gold:   196        SH:  0    Dex: 14    Spells: 4/10 levels left

rFire    . . .     SeeInvis .     - Unarmed
rCold    . . .     Faith    .   (no shield)
rNeg     . . .     Spirit   .   (helmet restricted)
rPois    .         Reflect  .   (no amulet)
rElec    .         Harm     .   c - +6 ring of strength
rCorr    .         Rampage  .   (no ring)
Will     .....                  (no ring)
Stlth    ++........             (no ring)
HPRegen  0.15/turn              (no ring)
MPRegen  0.12/turn              (no ring)
                                (no ring)
                                (no ring)

@: no status effects
A: almost no armour, amphibious, 8 rings, camouflage 1, gelatinous body 1,
(nimble swimmer 1), tentacles
a: no special abilities


You were on level 5 of the Dungeon.
You visited 1 branch of the dungeon, and saw 5 of its levels.

You collected 196 gold pieces.

Inventory:

Hand Weapons
 b - a +4 falchion
Missiles
 i - 2 throwing nets (quivered)
Jewellery
 c - a +6 ring of strength (left tentacle)
 e - an amulet of reflection
Potions
 g - a potion of flight


   Skills:
 + Level 3.8 Fighting
 + Level 3.9 Dodging
 - Level 3.3 Unarmed Combat
 - Level 2.0 Spellcasting
 + Level 4.1 Transmutations
 + Level 3.7 Poison Magic


You had 4 spell levels left.
You knew the following spells:

 Your Spells              Type           Power      Damage    Failure   Level
a - Beastly Appendage     Tmut           28%        N/A       3%          1
b - Wereblood             Tmut           14%        N/A       5%          2
c - Spider Form           Tmut/Pois      7%         N/A       12%         3

Your spell library contained the following spells:

 Spells                   Type           Power      Damage    Failure   Level
 Animate Skeleton         Necr           2%         N/A       21%         1
 Magic Dart               Conj           4%         1d3       21%         1
 Pain                     Necr           4%         1d4       21%         1
 Blink                    Tloc           N/A        N/A       30%         2
 Call Imp                 Summ           1%         N/A       30%         2
 Slow                     Hex            1%         N/A       30%         2
 Mephitic Cloud           Conj/Pois/Air  5%         N/A       36%         3
 Conjure Flame            Conj/Fire      1%         6-21      52%         3
 Vampiric Draining        Necr           0%         2d6       52%         3
 Ice Form                 Ice/Tmut       8%         N/A       65%         4
 Animate Dead             Necr           0%         N/A       90%         4
 Agony                    Necr           1%         N/A       99%         5


Dungeon Overview and Level Annotations

Branches:
Dungeon (5/15)             Temple (0/1) D:5

Altars:
Dithmenos

Shops:
D:2 [

Annotations:
D:4 Menkaure


Innate Abilities, Weirdness & Mutations

You cannot wear most types of armour.
You are amphibious.
You can wear up to eight rings at the same time.
Your skin changes colour to match your surroundings (Stealth+).
Your rubbery body absorbs attacks. (AC +1, EV +1)
((You are camouflaged near water. (Stealth+)))
You have tentacles for arms and can constrict up to eight enemies at once.


Message History

* * * LOW HITPOINT WARNING * * *
You catch the helpless gnoll completely off-guard!
You tentacle-slap the gnoll. You squeeze the gnoll.
You kill the gnoll!
The gnoll misses you.
Throw: 3 darts (atropa)
Press: ? - help, Q - select action, (/) - cycle Shift-Dir - straight line, f - gnoll
Aim: a gnoll, wielding a +0 spear (63% to hit, chance to blind on hit: 100%)
You throw an atropa-tipped dart.
The atropa-tipped dart barely misses the gnoll.
The gnoll is no longer blind.
The gnoll barely misses you.
Throw: 2 darts (atropa)
Press: ? - help, Q - select action, (/) - cycle Shift-Dir - straight line, f - gnoll, p - gnoll
Aim: a gnoll, wielding a +0 spear (63% to hit, chance to blind on hit: 100%)
You throw an atropa-tipped dart. The atropa-tipped dart hits the gnoll.
The gnoll appears confused.
The gnoll barely misses you.
Throw: dart (atropa)
Press: ? - help, Q - select action, (/) - cycle Shift-Dir - straight line, f - gnoll, p - gnoll
Aim: a gnoll, wielding a +0 spear (63% to hit, chance to blind on hit: 100%)
You throw an atropa-tipped dart. The atropa-tipped dart hits the gnoll.
The gnoll appears confused.
The gnoll seems less confused.
Your magical contamination has completely faded away.
Throw: 2 throwing nets
Press: ? - help, Q - select action, (/) - cycle Shift-Dir - straight line, f/p - gnoll
Aim: a gnoll, wielding a +0 spear (confused, blind, 82% to hit)
Okay, then.
The gnoll seems less confused.
The gnoll closely misses you. x2
Items here: ( )) ††.
You catch the helpless gnoll completely off-guard!
You tentacle-slap the gnoll. Your grab misses the gnoll.
You tentacle-slap the gnoll.
The gnoll is severely wounded.
The gnoll misses you. The gnoll barely misses you.
You barely miss the gnoll. Your grab misses the gnoll.
Your squeeze misses the gnoll.
The gnoll is severely wounded.
The gnoll is no longer blind.
The gnoll hits you with a +0 spear!
You die...

...........###
#........
##...........#
.......
##).....(...#
#..........#
##.........##
#..........##
##.........Z##
##........gg#
###:...###@##
##### ##.#
#..# ##.# ##


You could see 2 gnolls and a bullfrog skeleton.

Vanquished Creatures
  A phantom (D:5)
  A scorpion (D:4)
  A hound (D:5)
  2 orc priests (D:4)
  A centaur skeleton (D:4)
  2 iguanas (D:4)
  3 orc wizards (D:4)
  2 gnolls (D:5)
  3 adders (D:2)
  An ufetubus (D:4)
  2 adder skeletons (D:4)
  2 worms
  6 dart slugs
  4 orcs (D:4)
  8 ball pythons
  3 endoplasms
  5 giant cockroaches
  4 goblins
  4 hobgoblins
  6 jackals
  5 quokkas
  3 bats
  4 frilled lizards
  5 kobolds
  A quokka skeleton (D:4)
  2 rats
81 creatures vanquished.

Notes
Turn   | Place    | Note
-------+----------+-------------------------------------------
     0 | D:1      | Ijustatesigmund the Octopode Transmuter began the quest for
                  | the Orb.
     0 | D:1      | Reached XP level 1. HP: 13/13 MP: 3/3
   124 | D:1      | Reached XP level 2. HP: 15/18 MP: 3/5
   392 | D:1      | Learned a level 2 spell: Wereblood
   824 | D:1      | Reached XP level 3. HP: 21/24 MP: 4/6
   961 | D:1      | Learned a level 3 spell: Spider Form
  1187 | D:1      | Found a faded altar of an unknown god.
  1679 | D:2      | Found Juth's Armour Emporium.
  1757 | D:2      | You fall into a shaft and drop 2 floors!
  1772 | D:4      | Reached XP level 4. HP: 18/29 MP: 7/7
  1936 | D:3      | Found a shadowy altar of Dithmenos.
  1997 | D:2      | Reached skill level 1 in Poison Magic
  3602 | D:3      | Reached skill level 3 in Transmutations
  3813 | D:4      | Noticed a scorpion
  3820 | D:4      | Killed a scorpion
  3821 | D:4      | Reached XP level 5. HP: 35/35 MP: 6/8
  4373 | D:4      | Reached XP level 6. HP: 21/42 MP: 9/9
  4898 | D:4      | HP: 1/42 [orc priest/divine providence (10)]
  5578 | D:4      | Noticed Menkaure
  5663 | D:5      | Entered Level 5 of the Dungeon
  5903 | D:5      | HP: 1/42 [phantom (2)]
  5906 | D:5      | Reached skill level 4 in Transmutations
  5906 | D:5      | Reached XP level 7. HP: 2/47 MP: 10/10
  6223 | D:5      | Found a staircase to the Ecumenical Temple.
  6369 | D:5      | Slain by a gnoll

Illustrated notes

Levels and vault maps discovered:
D:1:      lightli_arrival_flooded_house, layout_loops_ring,
          chequers_ecumenical_altar_lobes
D:2:      layout_basic, serial_shops, shop, minmay_misc_feat_tiny
D:3:      layout_loops_corners, old_standard_altar,
          minmay_misc_feat_more_columns, minivault_4, minmay_quantized
D:4:      layout_basic, eino_small_chamber_without_monster, uniq_menkaure
D:5:      layout_cave_pods, nicolae_ru_sacrificial_ziggurat,
          minmay_temple_entry_stoned_glass, serial_park_tiny_1, corexii_shack,
          serial_bayou_pond_a

Skill      XL: |  1  2  3  4  5  6 |
---------------+-------------------+-----
Fighting       | 2 3 |  3.8
Poison Magic   | 2 3 |  3.7
Transmutations | 3 4 |  4.1
Dodging        | 3 |  3.9
Unarmed Combat | |  3.3
Spellcasting   | |  2.0

Action                   |  1- 3 |  4- 6 |  7- 9 || total
-------------------------+-------+-------+-------++-------
Melee: Unarmed           |    75 |   110 |    15 ||   200
       Constrict         |    23 |    26 |     2 ||    51
       Kick              |    21 |    31 |     1 ||    53
       Tentacles         |     9 |    27 |     2 ||    38
       Punch             |     1 |     4 |     2 ||     7
Throw: Dart              |       |     8 |     6 ||    14
 Cast: Beastly Appendage |    16 |    19 |     2 ||    37
       Spider Form       |       |     1 |     1 ||     2
       Wereblood         |       |     1 |       ||     1
  Use: Scroll            |     3 |    10 |       ||    13
       Potion            |       |     5 |       ||     5
 Stab: Sleeping          |     4 |     8 |       ||    12
       Invisible         |       |       |     2 ||     2
Armor: Skin              |     5 |     5 |     3 ||    13
Dodge: Dodged            |    55 |    67 |    31 ||   153

Table legend: (Time is in decaauts)
 A = Elapsed time spent in this place.
 B = Non-inter-level travel time spent in this place.
 C = Inter-level travel time spent in this place.
 D = Time resting spent in this place.
 E = Time spent auto-exploring this place.
 F = Levels seen in this place.
 G = Mean time per level.
                   A        B        C        D        E       F      G
               +--------+--------+--------+--------+--------+-----+--------+
         Total |   6394 |   6335 |     59 |   2797 |   2807 |   5 | 1278.8 |
       Dungeon |   6394 |   6335 |     59 |   2797 |   2807 |   5 | 1278.8 |
               +--------+--------+--------+--------+--------+-----+--------+

Top non-repeatable levels by time:
     D:4: 1928 daAuts
     D:1: 1291 daAuts
     D:2: 1247 daAuts
     D:3: 1222 daAuts
     D:5: 704 daAuts
